 Dungeon Crawl Stone Soup version 0.24-a0-462-ge24419a6ad (webtiles) character file.

Game seed: 1404161967149773786

232 Gargoyl the Skirmisher (level 5, -2/46 HPs)
             Began as a Centaur Abyssal Knight on July 1, 2019.
             Was a Believer of Lugonu.
             Slain by a quokka (4 damage)
             ... on level 4 of the Dungeon.
             The game lasted 00:04:43 (3694 turns).

Gargoyl the Skirmisher (Centaur Abyssal Knight)     Turns: 3694, Time: 00:04:44

Health: -2/46      AC: 10    Str: 14    XL:     5   Next: 73%
Magic:  7/7        EV:  2    Int: 11    God:    Lugonu [**....]
Gold:   109        SH:  0    Dex: 10    Spells: 4/4 levels left

rFire    . . .     SeeInvis .   a - +1 hand axe
rCold    . . .     Gourm    .   (no shield)
rNeg     . . .     Faith    .   j - +0 plate armour
rPois    .         Spirit   .   (no helmet)
rElec    .         Reflect  .   f - +0 cloak
rCorr    .         Harm     .   (no gloves)
MR       .....                  (no barding)
Stlth    ..........             (no amulet)
HPRegen  0.15/turn              (no ring)
MPRegen  0.10/turn              (no ring)

@: very quick
A: large, hooves 3, deformed body, speed 2, tough skin 3
a: Depart the Abyss, Bend Space, Renounce Religion


You were on level 4 of the Dungeon.
You worshipped Lugonu.
Lugonu was pleased with you.
You were not hungry.

You visited 1 branch of the dungeon, and saw 4 of its levels.
You visited the Abyss 1 time.

You collected 109 gold pieces.

Inventory:

Hand Weapons
 a - a +1 hand axe (weapon)
Missiles
 g - 2 javelins (quivered)
Armour
 f - a +0 cloak (worn)
 j - a +0 plate armour (worn)
Jewellery
 l - a +2 ring of intelligence
Scrolls
 k - a scroll of remove curse
 n - a scroll of identify
 o - a scroll of teleportation
Potions
 b - a potion of lignification {unknown}
 d - a potion of degeneration {unknown}
 e - a potion of might {unknown}
 h - a potion of flight {unknown}
 i - a potion of heal wounds
 m - a potion of brilliance {unknown}
Comestibles
 c - 5 rations


   Skills:
 + Level 3.7 Fighting
 + Level 3.1 Axes
 * Level 2.8 Armour
 * Level 1.4 Dodging
 * Level 3.1 Invocations


You had 4 spell levels left.
You didn't know any spells.
Your spell library was empty.

Dungeon Overview and Level Annotations

Branches:
Dungeon (4/15)
 Temple: D:4-7

Altars:
Nemelex Xobeh
Qazlal
Yredelemnul
The Shining One


Innate Abilities, Weirdness & Mutations

You have hooves in place of feet.
Armour fits poorly on your strangely shaped body.
You cover ground very quickly.
You have extremely tough skin. (AC +3)


Message History

The gnoll hits you with a +0 flail.
The gnoll hits you from afar with a +0 halberd!
You hit the gnoll.
The gnoll is severely wounded.
The gnoll hits you but does no damage. x2
You closely miss the gnoll.
The gnoll is severely wounded.
The gnoll hits you with a +0 flail.
The gnoll hits you from afar with a +0 halberd.
* * * LOW HITPOINT WARNING * * *
Your plate armour prevents you from hitting the gnoll.
The gnoll is severely wounded.
The gnoll hits you with a +0 flail!
* * * LOW HITPOINT WARNING * * *
You see here an iguana skeleton.
A quokka comes into view.
The quokka bites you.
* * * LOW HITPOINT WARNING * * *
You barely miss the quokka. The quokka bites you.
You die...

#g# #.# .
####.### #.#
.#####....g.#
#.#
..........#.#
#.#
##.###.####รท#
#.# ##.###)#
#.####.#######
.......#
#.............
##.#####
######.######
#.# #@#
#.##########
#r#
#...<.......
..#
############
####


You could see a quokka.

Vanquished Creatures
  An orc priest (D:3)
  A gnoll shaman (D:4)
  An iguana (D:4)
  4 adders
  A gnoll (D:4)
  2 oozes
  2 worms (D:2)
  4 dart slugs (D:1)
  A leopard gecko (D:2)
  7 orcs
  5 goblins
  8 hobgoblins
  6 jackals
  5 quokkas
  8 bats
  3 frilled lizards
  9 kobolds
  11 rats
79 creatures vanquished.

Notes
Turn   | Place    | Note
-------+----------+-------------------------------------------
     0 | Abyss:1  | Gargoyl the Centaur Abyssal Knight began the quest for the
                  | Orb.
     0 | Abyss:1  | Reached XP level 1. HP: 19/19 MP: 2/2
    55 | Abyss:1  | Noticed a quasit
    67 | Abyss:1  | Noticed an orange demon
    70 | D:1      | Escaped the Abyss
   227 | D:1      | Reached XP level 2. HP: 14/26 MP: 3/3
   230 | D:1      | Reached * piety under Lugonu
   496 | D:1      | Reached skill level 1 in Dodging
   628 | D:1      | Reached XP level 3. HP: 31/31 MP: 4/4
  1226 | D:2      | Found a glowing golden altar of the Shining One.
  1275 | D:2      | Reached ** piety under Lugonu
  1430 | D:2      | Reached XP level 4. HP: 28/38 MP: 5/5
  1802 | D:2      | Found a basalt altar of Yredelemnul.
  1802 | D:2      | Found a stormy altar of Qazlal.
  1994 | D:3      | HP: 1/38 [orc priest/divine providence (11)]
  2418 | D:3      | Reached XP level 5. HP: 23/45 MP: 7/7
  2709 | D:3      | Found a sparkling altar of Nemelex Xobeh.
  3693 | D:4      | HP: 2/46 [quokka (3)]
  3694 | D:4      | Slain by a quokka

Levels and vault maps discovered:
D:1:      lightli_arrival_windingriver, layout_loops_ring
D:2:      layout_loops_cross, old_standard_altar, grunt_temple_overflow_open
D:3:      layout_basic, nemelex_altar_shiori, first_ration
D:4:      layout_loops_ring, grunt_qazlal_sundering, uniq_robin

Skill      XL: |  1  2  3  4  5 |
---------------+----------------+-----
Axes           | 2 3 |  3.1
Dodging        | 1 |  1.4
Armour         | 2 |  2.8
Invocations    | 3 |  3.1
Fighting       | |  3.7

Action                   |  1- 3 |  4- 6 || total
-------------------------+-------+-------++-------
Melee: Hand axe          |   109 |   128 ||   237
       Kick              |    21 |    26 ||    47
Invok: Depart the Abyss  |     1 |       ||     1
  Use: Scroll            |     4 |     2 ||     6
       Potion            |       |     1 ||     1
  Eat: Chunk             |       |     7 ||     7
Armor: Chain mail        |   111 |     2 ||   113
       Plate armour      |       |   138 ||   138
Dodge: Dodged            |    43 |    19 ||    62

Table legend:
 A = Non-vault XP
 B = Vault XP
 C = Vault XP percentage of total XP
 D = Non-vault monster count
 E = Vault monster count
 F = Vault count percentage of total count
                 A         B        C        D         E       F
            +---------+---------+-------+---------+---------+-------
      Total |     332 |       0 |   0.0 |      79 |       0 |   0.0
            +---------+---------+-------+---------+---------+-------
        D:1 |      51 |       0 |   0.0 |      26 |       0 |   0.0
        D:2 |      84 |       0 |   0.0 |      32 |       0 |   0.0
        D:3 |     102 |       0 |   0.0 |      15 |       0 |   0.0
        D:4 |      95 |       0 |   0.0 |       6 |       0 |   0.0
            +---------+---------+-------+---------+---------+-------
